 Dungeon Crawl Stone Soup version 0.28-a0-390-gb254ac4902 (webtiles) character file.

Game seed: 3242004671022010983

189 SkeletonJelly the Cudgeller (level 5, -2/32 HPs)
             Began as a Gargoyle Chaos Knight on Sept 4, 2021.
             Was a Plaything of Xom.
             Slain by Edmund (10 damage)
             ... on level 4 of the Dungeon.
             The game lasted 00:09:06 (4689 turns).

SkeletonJelly the Cudgeller (Gargoyle Chaos Knight) Turns: 4689, Time: 00:09:06

Health: -2/32      AC: 10    Str: 14 (16) XL:     5   Next: 68%
Magic:  4/4        EV: 11    Int: 13      God:    Xom [.....*]
Gold:   95         SH:  0    Dex:  6 (7)  Spells: 3/4 levels left

rFire   . . .      SeeInvis .   a - +0 mace (chaos)
rCold   . . .      Faith    .   (no shield)
rNeg    + . .      Spirit   .   b - +2 leather armour
rPois   ∞          Reflect  .   (no helmet)
rElec   +          Harm     .   k - +0 cloak
rCorr   .          Rampage  .   (no gloves)
Will    .....                   (no boots)
Stlth   +.........              h - amulet of the acrobat
HPRegen 0.10/turn               (no ring)
MPRegen 0.09/turn               (no ring)

@: no status effects
A: sickness immunity, AC +4, negative energy resistance 1, electricity
resistance, torment resistance 1, petrification resistance, clumsy 1,
deterioration 1, low mp 1, screaming 1
a: Renounce Religion


You were on level 4 of the Dungeon.
You worshipped Xom.
You were Xom's teddy bear.
You visited 1 branch of the dungeon, and saw 4 of its levels.
You also visited: Sewer.

You collected 95 gold pieces.

Inventory:

Hand Weapons
 a - a +0 mace of chaos (weapon)
Missiles
 o - a curare-tipped dart
 s - 3 silver javelins
Armour
 b - a +2 leather armour (worn)
 k - a +0 cloak (worn)
Jewellery
 h - an amulet of the acrobat (around neck)
Scrolls
 d - a scroll of summoning {unknown}
 f - a scroll of silence {unknown}
 i - 2 scrolls of teleportation {unknown}
 j - 2 scrolls of identify {unknown}
 l - a scroll of acquirement {unknown}
 m - a scroll of noise {unknown}
 r - a scroll of magic mapping {unknown}
Potions
 c - a potion of lignification {unknown}
 e - 3 potions of curing
 g - 2 potions of heal wounds
 n - a potion of mutation {unknown}
 p - 3 potions of flight
 q - a potion of haste {unknown}


   Skills:
 - Level 3.2 Fighting
 + Level 6.2 Maces & Flails
 - Level 2.1 Armour
 - Level 0.7 Dodging


You had 3 spell levels left.
You knew the following spells:

 Your Spells              Type           Power      Damage    Failure   Level
a - Sting                 Tmut/Pois      0%         1d3       36%         1

Your spell library contained the following spells:

 Spells                   Type           Power      Damage    Failure   Level
 Passwall                 Tmut/Erth      0%         N/A       50%         2
 Swiftness                Air            0%         N/A       75%         3
 Invisibility             Hex            0%         N/A       100%        6


Dungeon Overview and Level Annotations

Branches:
Dungeon (4/15)              Sewer (visited)
 Temple: D:4-7

Altars:

Shops:
D:1 [

Annotations:
D:4 Edmund


Innate Abilities, Weirdness & Mutations

You are immune to sickness and miasma.
Your stone body is resilient. (AC +4)
You are immune to poison.
You resist negative energy. (rN+)
You are resistant to electric shocks. (rElec)
You are resistant to unholy torment.
You are immune to petrification.
You are clumsy. (Dex -2)
Your body sometimes deteriorates upon taking damage.
Your magical capacity is low. (-10% MP)
You occasionally shout uncontrollably at your foes.


Message History

The slug dart misses you. Edmund misses you.
You hit Edmund.
Edmund is poisoned.
Edmund is lightly wounded.
Edmund hits you but does no damage.
You barely miss Edmund.
Edmund is lightly wounded.
Edmund hits you with a +4 flail of venom.
You take 2 damage, and have 30/32 hp.
You see here 21 sling bullets. "Feel my power!"
Edmund is outlined in light.
You hit Edmund but do no damage.
Edmund is lightly wounded.
Edmund barely misses you.
You barely miss Edmund.
Edmund is moderately wounded.
Edmund hits you but does no damage.
You hit Edmund but do no damage. You drain Edmund.
Edmund is moderately wounded.
Edmund hits you with a +4 flail of venom.
You take 4 damage, and have 27/32 hp.
You hit Edmund but do no damage.
Edmund is moderately wounded.
Edmund hits you with a +4 flail of venom.
You take 2 damage, and have 25/32 hp.
You hit Edmund but do no damage.
Edmund looks even sicker.
Edmund is moderately wounded.
Edmund hits you with a +4 flail of venom.
You take 2 damage, and have 23/32 hp.
Your leather armour prevents you from hitting Edmund.
Edmund is moderately wounded.
Edmund closely misses you.
You hit Edmund but do no damage.
Edmund is heavily wounded.
Edmund hits you but does no damage.
You hit Edmund but do no damage.
Edmund is heavily wounded.
Edmund hits you with a +4 flail of venom.
Your body deteriorates!
You feel weakened. Edmund misses you.
You take 6 damage, and have 17/32 hp.
You barely miss Edmund.
Edmund is heavily wounded.
The dart slug barely misses you.
Edmund says, "A flail is better than a scythe, any day of the week!"
Edmund closely misses you.
You hit Edmund. You burn Edmund.
Edmund is heavily wounded.
Edmund stops glowing.
Edmund hits you with a +4 flail of venom.
You take 3 damage, and have 14/32 hp.
You hit Edmund but do no damage.
Edmund is severely wounded.
Edmund looks more healthy.
The dart slug launches a dart at you. The slug dart hits you.
Edmund hits you with a +4 flail of venom.
You take 4 damage, and have 10/32 hp.
You hit Edmund but do no damage.
Edmund is severely wounded.
Edmund completely misses you.
The dart slug bites you but does no damage.
You barely miss Edmund.
Edmund is severely wounded.
Edmund hits you but does no damage. The dart slug barely misses you.
You barely miss Edmund.
Edmund is severely wounded.
Edmund hits you with a +4 flail of venom.
* * * LOW HITPOINT WARNING * * *
You take 1 damage, and have 9/32 hp.
You hit Edmund. Lightning courses through Edmund!
Edmund is almost dead.
Edmund says, "People accused me of being a cutpurse!"
Edmund hits you with a +4 flail of venom.
* * * LOW HITPOINT WARNING * * *
The dart slug bites you but does no damage.
You take 3 damage, and have 6/32 hp.
Edmund says, "I might not be good at magic, but I can still kill you!"
You hit Edmund but do no damage.
Edmund is almost dead.
Edmund hits you but does no damage. Edmund barely misses you.
You closely miss Edmund.
Edmund is almost dead.
Edmund hits you but does no damage.
You hit the dart slug.
The dart slug is moderately wounded.
Edmund seems less drained.
The dart slug launches a dart at you.
The slug dart hits you but does no damage.
Edmund completely misses you.
You closely miss Edmund.
Edmund is almost dead.
Edmund barely misses you.
You hit the dart slug but do no damage.
The dart slug is moderately wounded.
Edmund barely misses you. The dart slug barely misses you.
You hit Edmund but do no damage.
Edmund is almost dead.
Edmund hits you with a +4 flail of venom!
You die...

... ##.>.....#... ...
##......#.# ... ##......#
...### ###...## .....####
##..## ........### ##..##
#...(.....######## ##..##
#...##.......##..#####..##
##..#####......@@..##..##
#...# ####...w......##
##..# ####......## #....#
####....# #.w...# ##...#
#.......# #...# .........#
#.### ...?.....# #.#
.....(.... #..


You could see Edmund and a dart slug.

Vanquished Creatures
  A kobold brigand (Sewer)
  3 adders
  A worm (D:3)
  4 orcs (D:3)
  5 endoplasms
  4 giant cockroaches (D:1)
  5 goblins
  7 hobgoblins
  6 jackals (D:1)
  9 kobolds
  4 quokkas
  12 ball pythons
  4 bats
  A frilled lizard (D:1)
  9 rats
75 creatures vanquished.

Vanquished Creatures (collateral kills)
  A dart slug (D:2)
  A hobgoblin (D:2)
  A jackal (Sewer)
3 creatures vanquished.

Vanquished Creatures (others)
  A plant (D:1)
1 creature vanquished.

Grand Total: 79 creatures vanquished

Notes
Turn   | Place    | Note
-------+----------+-------------------------------------------
     0 | D:1      | SkeletonJelly the Gargoyle Chaos Knight began the quest for
                  | the Orb.
     0 | D:1      | Reached XP level 1. HP: 14/14 MP: 1/1
   296 | D:1      | XOM: potion effect (haste)
   298 | D:1      | Reached XP level 2. HP: 19/19 MP: 2/2
   313 | D:1      | Found a faded altar of an unknown god.
   326 | D:1      | Got Plato's Grimoire of Venom
   329 | D:1      | Learned a level 1 spell: Sting
   352 | D:1      | Reached skill level 4 in Maces & Flails
   449 | D:1      | XOM: enchant monster (good)
   466 | D:1      | Reached XP level 3. HP: 23/23 MP: 3/3
   818 | D:1      | XOM: give mutations
   818 | D:1      | Gained mutation: You are clumsy. (Dex -2) [Xom's mischief]
   818 | D:1      | Gained mutation: You occasionally shout uncontrollably at
                  | your foes. [Xom's mischief]
   818 | D:1      | Gained mutation: Your magical capacity is low. (-10% MP)
                  | [Xom's mischief]
   818 | D:1      | Gained mutation: Your body sometimes deteriorates upon
                  | taking damage. [Xom's mischief]
   827 | D:1      | Found Lisoe's Antique Armour Emporium.
   837 | D:1      | XOM: silly message
  1202 | D:2      | XOM: noise
  1360 | D:2      | Reached XP level 4. HP: 28/28 MP: 3/3
  1823 | D:2      | Reached skill level 5 in Maces & Flails
  1829 | D:2      | XOM: god gift: scroll labelled WOME UCIPRETTI {god gift}
  1852 | D:2      | XOM: summons 3 hostile demons
  1959 | D:2      | XOM: 6-stop teleportation journey
  2090 | D:2      | XOM: 7-stop teleportation journey
  2199 | D:2      | XOM: cloud trail
  2313 | D:2      | XOM: noise
  2554 | D:2      | XOM is BORED!
  2554 | D:2      | XOM: silly message
  2748 | D:3      | Found a glowing drain.
  2767 | Sewer    | Entered a sewer
  2802 | Sewer    | Noticed a kobold brigand
  2802 | Sewer    | XOM: 4-stop teleportation journey
  2807 | Sewer    | XOM: enchant monster (good)
  2815 | Sewer    | XOM: noise
  2818 | Sewer    | XOM: noise
  2842 | Sewer    | XOM: 1-stop teleportation journey
  2866 | Sewer    | XOM: noise
  2892 | Sewer    | XOM: noise
  2970 | Sewer    | XOM: fog
  3000 | Sewer    | XOM: 1-stop teleportation journey
  3083 | Sewer    | Killed a kobold brigand
  3084 | Sewer    | Reached XP level 5. HP: 28/32 MP: 4/4
  3102 | Sewer    | Reached skill level 6 in Maces & Flails
  3131 | Sewer    | Found a white marble altar of Elyvilon.
  3228 | Sewer    | XOM: 1-stop teleportation journey
  3590 | D:3      | XOM: torment (24/32 hp)
  3735 | D:3      | XOM: fog
  4088 | D:3      | XOM: cloud trail
  4607 | D:4      | XOM: stealth player
  4648 | D:4      | Noticed Edmund
  4659 | D:4      | XOM: fake destruction
  4689 | D:4      | Slain by Edmund

Illustrated notes

Levels and vault maps discovered:
D:1:      psy_arrival_radial01, layout_basic, serial_shops, nicolae_square_shop,
          shapermc_ecumenical_altar_rom_forum, serial_corexii_hall,
          chequers_hall_statues_corner_a, chequers_hall_statues_wall_a,
          chequers_decorated_corner, minmay_pentomino_r2
D:2:      layout_basic
D:3:      layout_basic, serial_co_window_serial, co_window_paths_b,
          co_window_corner_a, co_window_of_opportunity_a, co_window_corner_a,
          co_window_paths_b, co_window_paths_c, co_window_of_opportunity_b,
          co_window_of_opportunity_c, co_window_4corner_a, co_window_paths_d,
          glass_columns_a, glass_columns_a, glass_columns_a,
          portal_sewer_entry_a
D:4:      layout_cave_pods, hangedman_abyss_or_decor_stabs, uniq_edmund

Skill      XL: |  1  2  3  4  5 |
---------------+----------------+-----
Maces & Flails | 4 5 6 |  6.2
Fighting       | |  3.2
Armour         | |  2.1
Dodging        | |  0.7

Action                   |  1- 3 |  4- 6 || total
-------------------------+-------+-------++-------
Melee: Mace              |    99 |   162 ||   261
 Cast: Sting             |     1 |       ||     1
 Stab: Paralysed         |       |     2 ||     2
Armor: Leather armour    |    86 |   121 ||   207
Dodge: Dodged            |    86 |   214 ||   300

Table legend: (Time is in decaauts)
 A = Elapsed time spent in this place.
 B = Non-inter-level travel time spent in this place.
 C = Inter-level travel time spent in this place.
 D = Time resting spent in this place.
 E = Time spent auto-exploring this place.
 F = Levels seen in this place.
 G = Mean time per level.
                   A        B        C        D        E       F      G
               +--------+--------+--------+--------+--------+-----+--------+
         Total |   4740 |   4615 |    125 |     29 |   3711 |   5 |  948.0 |
       Dungeon |   4236 |   4111 |    125 |      0 |   3563 |   4 | 1059.0 |
         Sewer |    503 |    503 |      0 |     29 |    147 |   1 |  503.0 |
               +--------+--------+--------+--------+--------+-----+--------+

Top non-repeatable levels by time:
     D:2: 1545 daAuts
     D:3: 1442 daAuts
     D:1: 1165 daAuts
   Sewer: 503 daAuts
     D:4: 83 daAuts
